 Dungeon Crawl Stone Soup version 0.19.0 (webtiles) character file.

41 varam the Magician (level 3, -3/21 HPs)
             Began as an Octopode Wizard on Nov 1, 2016.
             Slain by a hobgoblin
             ... wielding a +0 trident
              (5 damage)
             ... on level 2 of the Dungeon.
             The game lasted 00:04:01 (1500 turns).

varam the Magician (Octopode Wizard)                Turns: 1500, Time: 00:04:01

Health: -3/21      AC:  1    Str:  6    XL:     3   Next: 52%
Magic:  2/7        EV: 14    Int: 20    God:
Gold:   30         SH:  0    Dex: 11    Spells: 2 memorised, 5 levels left

rFire  . . .     SeeInvis .       - Unarmed
rCold  . . .     Gourm    .     (no shield)
rNeg   . . .     Faith    .     a - +0 hat
rPois  .         Spirit   .     (no amulet)
rElec  .         Reflect  .     e - +1 ring of evasion
rCorr  .         Harm     .     (no ring)
MR     .....                    (no ring)
Stlth  +++.......               (no ring)
                                (no ring)
                                (no ring)
                                (no ring)
                                (no ring)

@: very slightly contaminated
A: almost no armour, stealthy swim, amphibious, 8 rings, constrict 8, camouflage
1, gelatinous body 1
a: no special abilities


You were on level 2 of the Dungeon.
You were not hungry.

You visited 1 branch of the dungeon, and saw 2 of its levels.

You collected 30 gold pieces.

Inventory:

Armour
 a - a +0 hat (worn)
Jewellery
 e - a +1 ring of evasion (left tentacle)
Scrolls
 d - 3 scrolls of remove curse
 l - a scroll of teleportation {unknown}
 n - a scroll of identify {unknown}
Potions
 g - a potion of agility {unknown}
 h - a potion of curing {unknown}
 i - 2 potions of invisibility {unknown}
 k - a potion of resistance {unknown}
 m - a potion of magic {unknown}
Books
 b - a book of Minor Magic

   Spells                             Type                      Level
   a - Magic Dart                     Conjuration                  1
   b - Blink                          Translocation                2
   c - Call Imp                       Summoning                    2
   d - Repel Missiles                 Charms/Air                   2
   e - Slow                           Hexes                        2
   f - Conjure Flame                  Conjuration/Fire             3
   g - Mephitic Cloud                 Conjuration/Poison/Air       3
Comestibles
 c - 4 bread rations
 f - a slice of pizza
 j - 3 chunks of flesh


   Skills:
 - Level 2.0 Dodging
 - Level 2.6 Stealth
 + Level 2.5 Unarmed Combat
 - Level 3.0 Spellcasting
 - Level 1.0 Conjurations
 + Level 1.8 Summonings
   Level 1.0 Translocations


You had 5 spell levels left.
You knew the following spells:

 Your Spells              Type           Power        Failure   Level  Hunger
a - Magic Dart            Conj           #...         12%         1    None
b - Call Imp              Summ           ##......     12%         2    ##.....


Dungeon Overview and Level Annotations

Branches:
Dungeon (2/15)

Altars:
Dithmenos
Qazlal


Innate Abilities, Weirdness & Mutations

You cannot wear most types of armour.
You are very stealthy in the water. (Stealth+)
You are amphibious.
You can wear up to eight rings at the same time.
You can use your tentacles to constrict eight enemies at once.
Your skin changes colour to match your surroundings (Stealth+).
Your rubbery body absorbs attacks. (AC +1, EV +1)


Message History

Casting: Call Imp
Confirm with . or Enter, or press ? or * to list all spells.
Aiming: Magic Dart
Press: ? - help, Shift-Dir - straight line, f - hobgoblin
Aim: a hobgoblin, wielding a trident and wearing a chain mail (lightly wounded)
The magic dart hits the hobgoblin.
The hobgoblin is lightly wounded.
The hobgoblin hits you from afar with a trident.
Casting: Magic Dart
Confirm with . or Enter, or press ? or * to list all spells.
You miscast Call Imp.
You are very lightly contaminated with residual magic.
Shadowy shapes form in the air around you, then vanish.
The hobgoblin hits you from afar with a trident.
* * * LOW HITPOINT WARNING * * *
Casting: Call Imp
Confirm with . or Enter, or press ? or * to list all spells.
A beastly little devil appears in a puff of frigid air.
The hobgoblin hits you from afar with a trident.
You die...

... # #.#
############
#<##.######.
#..........#
#...........
#.########.#
#.# #.# #.#
#.# #.# #.#
#.# ..#
#.##########.#
#.#
#.....5@.g...#
#.#
#..###########
#.# #### .##
## #


You could see a hobgoblin and a friendly white imp.

Vanquished Creatures
  2 adders (D:2)
  An ooze (D:1)
  2 leopard geckos (D:1)
  A goblin (D:1)
  3 hobgoblins
  6 bats
  A frilled lizard (D:2)
  3 kobolds (D:1)
  4 rats
23 creatures vanquished.

Notes
Turn   | Place    | Note
-------+----------+-------------------------------------------
     0 | D:1      | varam the Octopode Wizard began the quest for the Orb.
     0 | D:1      | Reached XP level 1. HP: 11/11 MP: 4/4
    98 | D:1      | Reached skill level 1 in Unarmed Combat
   420 | D:1      | Reached XP level 2. HP: 17/17 MP: 1/6
   433 | D:1      | Learned a level 2 spell: Call Imp
   631 | D:1      | Reached skill level 2 in Unarmed Combat
   906 | D:2      | Reached XP level 3. HP: 21/21 MP: 3/7
  1152 | D:2      | Found a stormy altar of Qazlal.
  1445 | D:2      | Found a shadowy altar of Dithmenos.
  1499 | D:2      | HP: 2/21 [hobgoblin/trident (5)]
  1500 | D:2      | Slain by a hobgoblin

Skill      XL: |  1  2 |
---------------+-------+-----
Unarmed Combat | 1 2 |  2.5
Dodging        | |  2.0
Stealth        | |  2.6
Spellcasting   | |  3.0
Conjurations   | |  1.0
Summonings     | |  1.8
Translocations | |  1.0

Action                   || total
-------------------------++-------
Melee: Unarmed           ||    24
       Tentacles         ||     4
       Constrict         ||     7
 Cast: Magic Dart        ||    36
       Call Imp          ||     4
  Use: Scroll            ||     1
 Stab: Sleeping          ||     2
       Distracted        ||     1
  Eat: Chunk             ||     2
Armor: Skin              ||     1
Dodge: Dodged            ||    16
